 Dungeon Crawl Stone Soup version 0.29-a0-275-g389c0b56f3 (webtiles) character file.

Game seed: 1991110064381721916

4206 quinnr the Zephyrmancer (level 10, -10/59 HPs)
             Began as a Tengu Air Elementalist on Mar 9, 2022.
             Was a Believer of Sif Muna.
             Killed from afar by Erica (20 damage)
             ... with a bolt of poison
             ... on level 9 of the Dungeon on Mar 11, 2022.
             The game lasted 00:28:19 (14214 turns).

quinnr the Zephyrmancer (Tengu Air Elementalist)   Turns: 14214, Time: 00:28:20

Health: -10/59     AC:  3    Str:  9    XL:     10   Next: 29%
Magic:  16/18      EV: 17    Int: 21    God:    Sif Muna [**....]
Gold:   334        SH:  0    Dex: 15    Spells: 12/19 levels left

rFire   . . .      SeeInvis .   n - staff of cold
rCold   + + .      Faith    .   (no shield)
rNeg    + . .      Spirit   .   G - +1 robe of Purpose {Int+2}
rPois   .          Reflect  .   (helmet restricted)
rElec   .          Harm     .   (no cloak)
rCorr   .          Rampage  .   (no gloves)
Will    .....                   (boots unavailable)
Stlth   +++.......              (no amulet)
HPRegen 0.19/turn               f - ring of positive energy
MPRegen 0.16/turn               k - ring of protection from cold

@: lethally poisoned (-10 -> -25), about to teleport, flying quickly and
evasively, slowed, very slow
A: beak, talons 3, nimble flight
a: Renounce Religion, Channel Magic


You were on level 9 of the Dungeon.
You worshipped Sif Muna.
Sif Muna was pleased with you.
You visited 2 branches of the dungeon, and saw 11 of its levels.

You collected 445 gold pieces.
You spent 111 gold pieces at shops.

Inventory:

Hand Weapons
 t - a +2 hunting sling of flaming
Missiles
 E - 20 poisoned darts
Armour
 a - a +1 robe
 l - a +1 leather armour of cold resistance
 o - a +0 robe of fire resistance
 A - a +2 robe of cold resistance
 G - the +1 robe of Purpose (worn) {Int+2}
   (You took it off an orc on level 8 of the Dungeon)

   Int:       It affects your intelligence (+2).
Magical Staves
 g - a staff of earth
 j - a staff of earth
 n - a staff of cold (weapon)
Jewellery
 f - a ring of positive energy (left hand)
 k - a ring of protection from cold (right hand)
 q - an amulet of guardian spirit
 H - a +6 ring of dexterity
Wands
 e - a wand of paralysis (3)
 u - a wand of iceblast (14)
 y - a wand of flame (7)
 I - a wand of mindburst (4)
Scrolls
 d - 4 scrolls of teleportation
 h - 5 scrolls of magic mapping
 m - a scroll of brand weapon
 p - a scroll of holy word {unknown}
 r - 4 scrolls of torment
 v - 3 scrolls of immolation {unknown}
 w - a scroll of vulnerability {unknown}
 x - 2 scrolls of silence
 z - a scroll of fog {unknown}
 C - 2 scrolls of enchant armour
 D - 3 scrolls of fear
 F - a scroll of noise {unknown}
 J - a scroll of enchant weapon
Potions
 b - 2 potions of magic
 c - a potion of mutation
 i - a potion of brilliance
 B - a potion of flight


   Skills:
 + Level 5.3 Fighting
 - Level 3.0 Armour
 - Level 6.0 Dodging
 - Level 6.0 Stealth
 - Level 5.0 Spellcasting
 + Level 5.5 Conjurations
 - Level 11.0 Air Magic
 - Level 3.0 Invocations
 + Level 1.9 Evocations


You had 12 spell levels left.
You knew the following spells:

 Your Spells              Type           Power      Damage    Failure   Level
a - Shock                 Conj/Air       100%       1d9       1%          1
b - Static Discharge      Conj/Air       40%        N/A       1%          2
c - Airstrike             Air            25%        N/A       1%          4

Your spell library contained the following spells:

 Spells                   Type           Power      Damage    Failure   Level
 Swiftness                Air            51%        N/A       1%          3


Dungeon Overview and Level Annotations

Branches:
Dungeon (10/15)            Temple (1/1) D:6
   Lair: D:8-11         Orc: D:9-12

Altars:
Ashenzari
Cheibriados
Dithmenos
Elyvilon
Fedhas
Gozag
Hepliaklqana
Makhleb
Nemelex Xobeh
Okawaru
Qazlal
Ru
Sif Muna
Trog
Uskayaw
Vehumet
Wu Jian
Xom
Yredelemnul
Zin
The Shining One

Shops:
D:2 [   D:4 [

Annotations:
D:9 Erica
D:10 Nergalle


Innate Abilities, Weirdness & Mutations

You have a beak for a mouth.
You have claws for feet.
Your magical nature lets you fly swiftly and evasively.


Message History

You're too confused to cast spells.
You bump into the rock wall.
Erica mumbles some strange words.
Erica flickers and vanishes!
Deactivating autopickup; reactivate with Ctrl-A.
You bump into the rock wall.
You bump into the rock wall.
You bump into the rock wall.
You feel less confused.
You hear some strange, mumbled words.
A bolt of poison appears from out of thin air!
The bolt of poison hits you!!
You are poisoned.
You feel very sick.
You hear some strange, mumbled words.
You feel yourself slow down.
You feel very sick.
You hear some strange, mumbled words.
You feel as though you will be slow longer.
Something hits you. Something burns you.
You feel sick. Something barely misses you.
You feel sick. Something barely misses you.
You feel sick. Something hits you!
* * * LOW HITPOINT WARNING * * *
Something burns you.
* * * LOW HITPOINT WARNING * * *
Something barely misses you.
You feel sick.
You hear some strange, mumbled words.
A lance of force appears from out of thin air!
The lance of force hits you!
* * * LOW HITPOINT WARNING * * *
You are knocked back by the lance of force.
You feel better.
As you read the scroll of teleportation, it crumbles to dust.
You feel strangely unstable.
You hear some strange, mumbled words.
A bolt of poison appears from out of thin air!
The bolt of poison hits you!!
You are lethally poisoned!
You die...

...#....#...#####....##..########
...#....#................#.......
...#....#............##.##.######
.#.#....###..........##.##.#.....
.#.####.................##.#.####
............#'##.#.......#.#.#
............#.##.........#.#.#
)...........#.##.........#.#.#
........###.#.##@........#.#.#
........# #.#.##.#.......#.#.#
........# #.#.##.#.......#.#.#
..###### #.#.##{#.......#.#.# ..#
#)#.##.#########.#.####
.)#########.#.##.# #.#.....
.)'.........#....# #.#.####
..################ #.###### ###
#.......


There were no monsters in sight!

Vanquished Creatures
  Maggie (D:7)
  A shadow (D:9)
  A steam dragon (D:9)
  Menkaure (D:4)
  2 water moccasins
  4 ice beasts
  A sky beast (D:7)
  A black bear (D:3)
  An ogre (D:5)
  2 orc warriors
  A centaur (D:6)
  5 kobold brigands
  A phantom (D:4)
  Blork the orc (D:4)
  5 bullfrogs
  3 scorpions
  4 necrophages
  3 wights
  A killer bee (D:5)
  2 jellies (D:7)
  4 orc priests
  3 hounds
  7 iguanas
  10 orc wizards
  10 adders
  2 shadow imps
  2 white imps
  2 worms
  3 dart slugs
  34 orcs
  7 endoplasms
  5 giant cockroaches
  14 goblins
  5 hobgoblins
  7 quokkas
  5 ball pythons
  6 bats
  A frilled lizard (D:1)
  35 kobolds
  3 rats
206 creatures vanquished.

Vanquished Creatures (others)
  2 plants (D:8)
2 creatures vanquished.

Grand Total: 208 creatures vanquished

Notes
Turn   | Place    | Note
-------+----------+-------------------------------------------
     0 | D:1      | quinnr the Tengu Air Elementalist began the quest for the
                  | Orb.
     0 | D:1      | Reached XP level 1. HP: 10/10 MP: 4/4
   258 | D:1      | Reached XP level 2. HP: 13/15 MP: 3/6
  1169 | D:1      | Reached XP level 3. HP: 20/20 MP: 4/7
  1300 | D:1      | Found a faded altar of an unknown god.
  1442 | D:2      | Found Pumor's Armour Emporium.
  2063 | D:2      | Reached skill level 1 in Fighting
  2117 | D:2      | Reached XP level 4. HP: 25/25 MP: 6/8
  2826 | D:3      | Found a basalt altar of Yredelemnul.
  3081 | D:3      | Identified the +0 leather armour "Nufeh" {Harm}
  3411 | D:3      | Upgraded the game from 0.29-a0-271-gd4eb659eea to
                  | 0.29-a0-275-g389c0b56f3
  4066 | D:4      | Reached skill level 5 in Air Magic
  4086 | D:4      | Gained mutation: Your magical nature lets you fly swiftly
                  | and evasively. [Tengu growth]
  4086 | D:4      | Reached XP level 5. HP: 28/29 MP: 3/10
  4148 | D:4      | Noticed a phantom
  4229 | D:3      | Learned a level 2 spell: Static Discharge
  4240 | D:4      | Killed a phantom
  4241 | D:4      | Reached skill level 6 in Air Magic
  4361 | D:4      | Reached skill level 7 in Air Magic
  4361 | D:4      | Reached XP level 6. HP: 25/34 MP: 4/11
  4576 | D:4      | Noticed a black bear
  4593 | D:3      | Killed a black bear
  4663 | D:4      | Reached skill level 8 in Air Magic
  4759 | D:4      | Found Hiffuaj's Antique Armour Boutique.
  4763 | D:4      | Bought a glowing robe for 111 gold pieces
  4875 | D:4      | Noticed Blork the orc
  4898 | D:4      | Killed Blork the orc
  4899 | D:4      | Reached XP level 7. HP: 30/38 MP: 8/12
  5146 | D:4      | Noticed Menkaure
  5155 | D:4      | Killed Menkaure
  5156 | D:4      | Reached skill level 9 in Air Magic
  5469 | D:5      | Entered Level 5 of the Dungeon
  6103 | D:5      | Learned a level 4 spell: Airstrike
  6707 | D:5      | Reached XP level 8. HP: 46/46 MP: 8/13
  6888 | D:5      | Reached skill level 1 in Armour
  7426 | D:5      | Reached skill level 5 in Dodging
  7973 | D:6      | Reached skill level 5 in Spellcasting
  8508 | D:5      | Reached XP level 9. HP: 39/52 MP: 5/17
  8684 | D:6      | Found a staircase to the Ecumenical Temple.
  8732 | Temple   | Entered the Ecumenical Temple
  8777 | Temple   | Became a worshipper of Sif Muna the Loreminder
  8844 | D:6      | Reached skill level 5 in Stealth
  8874 | D:6      | Found an iron altar of Okawaru.
  9230 | D:6      | Reached skill level 1 in Invocations
  9755 | D:7      | Found a broken altar of Ashenzari.
 10213 | D:7      | Noticed Maggie
 10550 | D:7      | HP: 5/52 [poisoned by a water moccasin]
 10847 | D:7      | Reached skill level 10 in Air Magic
 10922 | D:7      | Found a glowing silver altar of Zin.
 11127 | D:7      | Killed Maggie
 11365 | D:8      | Reached skill level 11 in Air Magic
 11395 | D:8      | Identified the +1 robe of Purpose {Int+2}
 11407 | D:8      | Reached * piety under Sif Muna
 11953 | D:8      | Reached XP level 10. HP: 51/58 MP: 9/18
 12187 | D:8      | Found a white marble altar of Elyvilon.
 12195 | D:8      | Found a hazy altar of Hepliaklqana.
 12196 | D:8      | Found a blossoming altar of Fedhas.
 12350 | D:8      | Found a hide-covered altar of Uskayaw.
 12580 | D:9      | Noticed Erica
 12584 | D:9      | HP: 2/58 [rock wall collision (13)]
 12620 | D:9      | Reached skill level 5 in Fighting
 13084 | D:9      | Reached skill level 5 in Conjurations
 13084 | D:9      | Reached skill level 1 in Evocations
 13373 | D:10     | Entered Level 10 of the Dungeon
 13546 | D:9      | Reached ** piety under Sif Muna
 13623 | D:10     | Noticed Nergalle
 14212 | D:9      | HP: 3/59 [something/lance of force (12)]
 14214 | D:9      | Killed from afar by Erica

Illustrated notes

Levels and vault maps discovered:
D:1:      evilmike_arrival_crescent, layout_loops_ring, basic_ecumenical_altar,
          columned_hall_lemuel, minmay_misc_feat_columns,
          minmay_tree_intersection, minmay_misc_feat_four_crosses
D:2:      layout_basic, serial_shops,
          nicolae_shop_temple_entry_statues_fountains
D:3:      layout_loops_ring, overflow_temple_1_default
D:4:      layout_rooms, serial_shops, shop, serial_curves, eino_curves_01,
          eino_curves_04, kennysheep_generic_room_7, uniq_menkaure,
          uniq_blork_the_orc
D:5:      layout_cave_pods, minmay_ogre_servants
D:6:      layout_cave_pools, kennysheep_mini, minmay_temple_entry_glassed_door,
          st_stairs_5, roderic_roman_lattice
D:7:      layout_loops_cross, zin_treasury, marbit_many_paths, uniq_maggie
D:8:      layout_rooms, mainiacjoe_overflow_alcove_4,
          gammafunk_temple_overflow_forgotten
D:9:      layout_basic, uniq_erica
D:10:     minmay_the_grid_triangle_9x9_recursive_2_mashed
          [minmay_the_grid_triangle_9x9_prize_special,
          minmay_the_grid_triangle_9x9_zippers_vertical,
          minmay_the_grid_triangle_9x9_zippers_horizontal,
          minmay_the_grid_triangle_9x9_tough_junction], layout_long_grid,
          nicolae_kikubaaqudgha_miasma_corner, uniq_harold, uniq_nergalle
Temple:   cyrus_circular_temple

Skill      XL: |  1  2  3  4  5  6  7  8  9 10 |
---------------+-------------------------------+-----
Fighting       | 1 3 4 5 |  5.3
Conjurations   | 2 3 4 5 |  5.5
Air Magic      | 5 7 8 9 11 | 11.0
Spellcasting   | 3 5 |  5.0
Stealth        | 3 4 6 |  6.0
Dodging        | 4 5 6 |  6.0
Armour         | 3 |  3.0
Invocations    | 3 |  3.0
Evocations     | 1 |  1.9

Action                   |  1- 3 |  4- 6 |  7- 9 | 10-12 || total
-------------------------+-------+-------+-------+-------++-------
Melee: Unarmed           |    12 |       |       |       ||    12
       Kick              |     3 |       |     2 |     1 ||     6
       Peck              |     1 |       |     3 |     1 ||     5
       Staff             |       |       |    10 |     2 ||    12
 Cast: Shock             |    88 |    96 |   303 |    45 ||   532
       Static Discharge  |       |     2 |    29 |     6 ||    37
       Airstrike         |       |       |    16 |    22 ||    38
Evoke: Wand              |       |       |     6 |     1 ||     7
  Use: Scroll            |       |     8 |     1 |     6 ||    15
       Potion            |       |       |       |     4 ||     4
Armor: Robe              |     3 |     3 |    14 |       ||    20
Dodge: Dodged            |    20 |    13 |    73 |    16 ||   122

Table legend: (Time is in decaauts)
 A = Elapsed time spent in this place.
 B = Non-inter-level travel time spent in this place.
 C = Inter-level travel time spent in this place.
 D = Time resting spent in this place.
 E = Time spent auto-exploring this place.
 F = Levels seen in this place.
 G = Mean time per level.
                   A        B        C        D        E       F      G
               +--------+--------+--------+--------+--------+-----+--------+
         Total |  13820 |  13320 |    500 |   3240 |   8426 |  11 | 1256.4 |
       Dungeon |  13771 |  13278 |    493 |   3240 |   8395 |  10 | 1377.1 |
        Temple |     48 |     41 |      7 |      0 |     30 |   1 |   48.0 |
               +--------+--------+--------+--------+--------+-----+--------+

Top non-repeatable levels by time:
     D:5: 2886 daAuts
     D:7: 2044 daAuts
     D:1: 1631 daAuts
     D:9: 1573 daAuts
     D:3: 1413 daAuts
     D:4: 1220 daAuts
     D:2: 1141 daAuts
     D:6: 1008 daAuts
     D:8: 763 daAuts
    D:10: 88 daAuts
  Temple: 48 daAuts
